 Dungeon Crawl Stone Soup version 0.30-a0-748-ge6a52f7cba (webtiles) character file.

Game seed: 16911472224312877934

248 hikkokomori the Firebug (level 5, 0/28 HPs)
             Began as a Deep Elf Fire Elementalist on Feb 9, 2023.
             Slain by a gnoll
             ... wielding a +0 whip
             ... led by a gnoll bouda
              (3 damage)
             ... on level 4 of the Dungeon.
             The game lasted 00:04:06 (2970 turns).

hikkokomori the Firebug (DEFE)                      Turns: 2970, Time: 00:04:07

Health: 0/28       AC:  4    Str:  5    XL:     5   Next: 86%
Magic:  17/21      EV: 13    Int: 25    God:
Gold:   135        SH:  0    Dex: 15    Spells: 9/10 levels left

rFire   . . .      SeeInvis .    g - +2 dagger (drain)
rCold   . . .      Faith    .    (no shield)
rNeg    . . .      Spirit   .    a - +0 robe
rPois   .          Reflect  .    v - +2 hat {Int+3}
rElec   .          Harm     .    (no cloak)
rCorr   .          Rampage  .    (no gloves)
Will    .....                    (no boots)
Stlth   +++                      (no amulet)
HPRegen 0.24/turn                i - ring of magical power
MPRegen 0.17/turn                (no ring)

@: no status effects
A: no striking features
a: no special abilities


You were on level 4 of the Dungeon.
You visited 1 branch of the dungeon, and saw 4 of its levels.

You collected 135 gold pieces.

Inventory:

Hand Weapons
 g - a +2 dagger of draining (weapon)
Armour
 a - a +0 robe (worn)
 v - a +2 hat of intelligence (worn)
Jewellery
 i - a ring of magical power (left hand)
 r - an amulet of guardian spirit
Wands
 n - a wand of charming (17)
 q - a wand of mindburst (11)
Scrolls
 c - a scroll of enchant weapon
 d - 2 scrolls of teleportation {unknown}
 f - 3 scrolls of amnesia {unknown}
 m - 2 scrolls of identify
 o - a scroll of vulnerability {unknown}
 p - a scroll of immolation {unknown}
 u - a scroll of fear {unknown}
Potions
 b - a potion of magic
 e - 2 potions of brilliance
 j - a potion of mutation {unknown}
 k - a potion of berserk rage {unknown}
 l - a potion of attraction {unknown}
 s - a potion of might {unknown}
 t - a potion of flight {unknown}


   Skills:
 + Level 2.2 Short Blades
 - Level 2.8 Dodging
 + Level 4.5 Stealth
 - Level 3.4 Spellcasting
 + Level 3.1 Conjurations
 + Level 4.5 Fire Magic


You had 9 spell levels left.
You knew the following spells:

 Your Spells              Type           Power      Damage    Failure   Level
a - Foxfire               Conj/Fire      92%        2x1d8     1%          1

Your spell library contained the following spells:

 Spells                   Type           Power      Damage    Failure   Level
 Scorch                   Fire           52%        2d7       2%          2
 Freeze                   Ice            16%        1d4       10%         1
 Inner Flame              Hex/Fire       15%        N/A       12%         3
 Sublimation of Blood     Necr           4%         N/A       14%         2
 Wereblood                Tmut           4%         N/A       14%         2
 Hailstorm                Conj/Ice       12%        3d5       16%         3
 Kindle Blastsparks       Fire/Tloc/Air  22%        2d11      16%         3
 Flame Wave               Conj/Fire      23%        2d8       21%         4
 Frozen Ramparts          Ice            8%         1d2       28%         3
 Summon Hydra             Summ           2%         N/A       100%        7


Dungeon Overview and Level Annotations

Branches:
Dungeon (4/15)
 Temple: D:4-7

Altars:
Wu Jian
Yredelemnul


Message History

Casting: Foxfire (safe; 2% risk of failure)
Confirm with . or Enter, or press ? or * to list all spells.
You conjure some foxfire!
The foxfire hits the gnoll bouda.
The gnoll bouda is heavily wounded.
The gnoll misses you. x2; The gnoll closely misses you.
Casting: Foxfire (safe; 2% risk of failure)
Confirm with . or Enter, or press ? or * to list all spells.
You conjure some foxfire!
The foxfire hits the gnoll bouda.
The gnoll bouda is severely wounded.
The foxfire hits the gnoll bouda.
The gnoll bouda is severely wounded.
The gnoll barely misses you.
The gnoll bouda mumbles some strange prayers to its god.
The gnoll bouda is healed somewhat.
The gnoll closely misses you. The gnoll barely misses you.
Casting: Foxfire (safe; 2% risk of failure)
Confirm with . or Enter, or press ? or * to list all spells.
You conjure some foxfire!
Your attacks no longer feel as feeble.
The foxfire hits the gnoll bouda.
The gnoll bouda is severely wounded.
The foxfire hits the gnoll bouda.
You kill the gnoll bouda!
The gnoll barely misses you. The gnoll hits you with a +0 whip.
* * * LOW HITPOINT WARNING * * *
The gnoll closely misses you.
The foxfire hits the gnoll.
The gnoll is heavily wounded.
The foxfire hits the gnoll.
The gnoll is heavily wounded.
The gnoll completely misses you. The gnoll hits you with a +0 whip.
* * * LOW HITPOINT WARNING * * *
Sorry, you're not good enough to have a special ability.
You feel better. The gnoll hits you with a +0 whip.
* * * LOW HITPOINT WARNING * * *
The gnoll barely misses you.
The gnoll is no longer moving quickly.
The gnoll attacks as you move away! The gnoll hits you with a +0 whip.
You die...

#.......# #.......#
#....)..# #....g..#
...#####.####### ....
...............#
.....########g######!#
.....+(.......g.#
.....#.....##.#@####
?................># #
..................# #.
## #.....##.###..#
#.##. #.....##.# ..#
#....##.....##.# ..#
#......######.# .#
#........# #.# .#
##........# #.#


You could see 2 gnolls.

Vanquished Creatures
  A hound (D:4)
  A gnoll bouda (D:4)
  An iguana (D:3)
  10 adders
  2 dart slugs
  2 orcs
  6 endoplasms
  5 giant cockroaches
  9 goblins
  6 hobgoblins
  5 jackals
  2 quokkas
  5 ball pythons
  2 bats
  3 frilled lizards
  7 kobolds
  A rat (D:2)
68 creatures vanquished.

Vanquished Creatures (others)
  106 foxfires
106 creatures vanquished.

Grand Total: 174 creatures vanquished

Notes
Turn   | Place    | Note
-------+----------+-------------------------------------------
     0 | D:1      | hikkokomori the Deep Elf Fire Elementalist began the quest
                  | for the Orb.
     0 | D:1      | Reached XP level 1. HP: 10/10 MP: 6/6
   188 | D:1      | Reached XP level 2. HP: 15/15 MP: 5/8
   727 | D:2      | Reached XP level 3. HP: 19/19 MP: 9/9
  1148 | D:2      | Reached skill level 1 in Short Blades
  1531 | D:3      | Reached XP level 4. HP: 18/24 MP: 11/11
  1934 | D:3      | Reached XP level 5. HP: 27/28 MP: 12/12
  2673 | D:4      | Found a basalt altar of Yredelemnul.
  2749 | D:4      | Found an ornate altar of the Wu Jian Council.
  2970 | D:4      | Slain by a gnoll

Illustrated notes

Levels and vault maps discovered:
D:1:      evilmike_arrival_hilbert_curve, layout_rooms
D:2:      layout_loops_ring
D:3:      layout_basic, item_on_display_b
D:4:      layout_basic, mainiacjoe_overflow_brackets,
          mainiacjoe_overflow_alcove_1, minmay_crystal_room, minmay_liquid_box

Skill      XL: |  1  2  3  4  5 |
---------------+----------------+-----
Stealth        | 3 4 |  4.5
Conjurations   | 2 3 |  3.1
Short Blades   | 1 2 |  2.2
Fire Magic     | 4 |  4.5
Dodging        | |  2.8
Spellcasting   | |  3.4

Action                     |  1- 3 |  4- 6 || total
---------------------------+-------+-------++-------
  Melee: Unarmed           |     5 |       ||     5
         Dagger            |    66 |    49 ||   115
   Cast: Foxfire           |    25 |    42 ||    67
    Use: Scroll            |     3 |       ||     3
         Potion            |       |     1 ||     1
   Stab: Sleeping          |     3 |     1 ||     4
         Distracted        |     1 |       ||     1
 Armour: Robe              |     6 |     9 ||    15
  Dodge: Dodged            |    56 |    60 ||   116

Table legend: (Time is in decaauts)
 A = Elapsed time spent in this place.
 B = Non-inter-level travel time spent in this place.
 C = Inter-level travel time spent in this place.
 D = Time resting spent in this place.
 E = Time spent auto-exploring this place.
 F = Levels seen in this place.
 G = Mean time per level.
                   A        B        C        D        E       F      G
               +--------+--------+--------+--------+--------+-----+--------+
         Total |   2963 |   2908 |     55 |      0 |   2416 |   4 |  740.8 |
       Dungeon |   2963 |   2908 |     55 |      0 |   2416 |   4 |  740.8 |
               +--------+--------+--------+--------+--------+-----+--------+

Top non-repeatable levels by time:
     D:3: 1081 daAuts
     D:2: 784 daAuts
     D:1: 723 daAuts
     D:4: 373 daAuts
